 Seeded DCSS version 0.28.0-53-g5a82cb258f (webtiles) character file.

Game seed: 2501726451046885968 (custom seed)

1185 oldmanjim the Spear-Bearer (level 8, -9/62 HPs)
             Began as a Merfolk Fighter on June 15, 2022.
             Mangled by a shadow (28 damage)
             ... on level 4 of the Dungeon.
             The game lasted 00:26:31 (5100 turns).

oldmanjim the Spear-Bearer (Merfolk Fighter)        Turns: 5100, Time: 00:26:32

Health: -9/62      AC: 14    Str: 18    XL:     8   Next: 42%
Magic:  8/8        EV: 25    Int: 13    God:
Gold:   358        SH:  5    Dex: 14    Spells: 7/7 levels left

rFire   . . .      SeeInvis .   a - +0 trident
rCold   . . .      Faith    .   c - +0 buckler
rNeg    . . .      Spirit   .   k - +2 plate armour {Will+}
rPois   .          Reflect  .   m - +0 hat
rElec   .          Harm     .   (no cloak)
rCorr   .          Rampage  .   i - +0 pair of gloves
Will    +....                   (no boots)
Stlth   ..........              w - amulet of the acrobat
HPRegen 0.20/turn               g - +4 ring of evasion
MPRegen 0.11/turn               z - +6 ring of intelligence

@: acrobatic
A: (nimble swimmer 2), mertail
a: no special abilities


You were on level 4 of the Dungeon.
You visited 1 branch of the dungeon, and saw 5 of its levels.

You collected 358 gold pieces.

Inventory:

Hand Weapons
 a - a +0 trident (weapon)
 f - a +1 mace of protection
Missiles
 n - 6 poisoned darts (quivered)
 p - 18 bolts
 t - 4 curare-tipped darts
 x - a throwing net
Armour
 c - a +0 buckler (worn)
 i - a +0 pair of gloves (worn)
 k - a +2 plate armour of willpower (worn)
 m - a +0 hat (worn)
Jewellery
 g - a +4 ring of evasion (left hand)
 w - an amulet of the acrobat (around neck)
 z - a +6 ring of intelligence (right hand)
Scrolls
 j - a scroll of fear {unknown}
 o - a scroll of fog {unknown}
 q - a scroll of silence {unknown}
 s - a scroll of magic mapping {unknown}
 u - a scroll of summoning {unknown}
 v - a scroll of enchant weapon {unknown}
 y - a scroll of enchant armour {unknown}
Potions
 b - a potion of mutation
 d - a potion of might
 e - a potion of curing {unknown}
 h - 3 potions of lignification
 l - 2 potions of heal wounds {unknown}
 r - a potion of berserk rage {unknown}


   Skills:
 - Level 5.0 Fighting
 + Level 10.3 Polearms
 - Level 2.1 Armour
 + Level 5.5 Dodging
 - Level 5.0 Shields


You had 7 spell levels left.
You didn't know any spells.
Your spell library was empty.

Dungeon Overview and Level Annotations

Branches:
Dungeon (5/15)
 Temple: D:4-7

Altars:
Elyvilon
Gozag
Hepliaklqana
Makhleb
Ru
Xom

Shops:
D:2 [   D:4 (

Annotations:
D:3 3 runed translucent doors, exclusion: 3 doors, Zeld's ghost, amateur DrCj
D:5 2 runed translucent doors


Innate Abilities, Weirdness & Mutations

((You are very nimble when in or above water. (Stealth+, EV+, Speed+++)))
Your lower body shifts to a powerful aquatic tail in water.


Message History

Aim: an orc warrior, wielding a +0 short sword and wearing a +0 chain mail (heavily wounded, poisoned, 57% to hit)
You throw a poisoned dart.
The poisoned dart barely misses the orc warrior.
The orc warrior hits you but does no damage.
A shadow comes into view.
The orc warrior misses you.
The orc warrior shouts!
The orc warrior looks more healthy.
Things that are here:
a +0 flail; a +0 leather armour
Things that are here:
a +0 flail; a +0 robe
Items here: )) [ †.
The shadow slips into darkness.
The shadow flickers and vanishes!
Deactivating autopickup; reactivate with Ctrl-A.
The shadow strikes at you from the darkness!
Reactivating autopickup.
You completely miss the shadow. The shadow barely misses you.
You completely miss the shadow.
The shadow slips into darkness.
The shadow flickers and vanishes!
Deactivating autopickup; reactivate with Ctrl-A.
A bullfrog skeleton comes into view.
There is a stone staircase leading up here.
The shadow strikes at you from the darkness!
Reactivating autopickup.
You climb upwards.
There is a stone staircase leading down here.
You hit the shadow.
The shadow is moderately damaged.
The shadow hits you.
* * * LOW HITPOINT WARNING * * *
You hit the shadow.
The shadow is moderately damaged.
The shadow slips into darkness.
The shadow flickers and vanishes!
Deactivating autopickup; reactivate with Ctrl-A.
The shadow strikes at you from the darkness!
You die...

#.##.#####.#.#
#########.#.# #.##.#
#.#.# #.........#..
#.##.# #.#.#
#.#####.##### #.##.#
#.#.# #.# #...#..
#.##.# #.#.# #.#
#.#.#.# ..##.# #.#.#
#.# #.#...# ####.#
#.#.# ##.## #.#####
#.#
#.#.#######...####.#
#.#
#..#>..@....#......#
#.#
###.#######...######
#.# #.# ##.## #.# #.#
#.# #.#######.# #.#
#.).)...#.#
##.########
#######.#.#
#.........#
#.#.########.######.#
#.#.##...# ### #.#


There were no monsters in sight!

Vanquished Creatures
  A water moccasin (D:5)
  2 black bears (D:5)
  A phantom (D:3)
  A gnoll sergeant (D:5)
  A scorpion (D:4)
  A water moccasin skeleton (D:5)
  A water moccasin zombie (D:5)
  A bullfrog zombie (D:3)
  A hound (D:4)
  2 bullfrog skeletons (D:4)
  2 orc priests
  5 iguanas
  5 orc wizards
  3 adders
  5 gnolls
  2 worms
  5 dart slugs
  14 orcs
  10 ball pythons
  6 endoplasms
  4 giant cockroaches
  8 goblins
  4 hobgoblins
  4 jackals (D:1)
  2 quokkas
  6 bats
  4 frilled lizards (D:1)
  7 kobolds
  7 rats
115 creatures vanquished.

Notes
Turn   | Place    | Note
-------+----------+-------------------------------------------
     0 | D:1      | oldmanjim the Merfolk Fighter began the quest for the Orb.
     0 | D:1      | Reached XP level 1. HP: 18/18 MP: 1/1
    77 | D:1      | Reached XP level 2. HP: 24/24 MP: 2/2
   472 | D:1      | Reached XP level 3. HP: 29/29 MP: 3/3
   893 | D:2      | Found Himafaw's Armour Shoppe.
   989 | D:2      | Identified the +2 robe of the Shore {Dex+3}
  1197 | D:2      | Reached XP level 4. HP: 37/37 MP: 4/4
  1231 | D:2      | Reached skill level 4 in Polearms
  1782 | D:3      | Noticed a phantom
  1802 | D:3      | Killed a phantom
  1803 | D:3      | Reached XP level 5. HP: 34/42 MP: 5/5
  2291 | D:3      | Reached skill level 5 in Polearms
  2291 | D:3      | Reached skill level 5 in Shields
  2306 | D:3      | Reached XP level 6. HP: 47/49 MP: 6/6
  2422 | D:3      | Found a runed translucent gate.
  2422 | D:3      | Found a runed translucent gate.
  2422 | D:3      | Found a runed translucent gate.
  2449 | D:3      | Found a hazy altar of Hepliaklqana.
  2727 | D:3      | Noticed Zeld's ghost (amateur DrCj)
  2872 | D:4      | Reached skill level 5 in Fighting
  2910 | D:4      | Reached skill level 6 in Polearms
  3311 | D:4      | Found an opulent altar of Gozag.
  3319 | D:4      | Found a sacrificial altar of Ru.
  3319 | D:4      | Found a white marble altar of Elyvilon.
  3320 | D:4      | Found a burning altar of Makhleb.
  3380 | D:4      | Found a shimmering altar of Xom.
  3449 | D:4      | Reached skill level 7 in Polearms
  3487 | D:4      | Reached XP level 7. HP: 54/56 MP: 7/7
  3702 | D:4      | Reached skill level 8 in Polearms
  3814 | D:4      | Found Iqinamoj's Antique Weapon Boutique.
  4021 | D:5      | Entered Level 5 of the Dungeon
  4230 | D:5      | Reached skill level 9 in Polearms
  4408 | D:5      | Reached skill level 10 in Polearms
  4764 | D:5      | Reached skill level 1 in Dodging
  4819 | D:5      | Found a large runed translucent door.
  4820 | D:5      | Found a large runed translucent door.
  4823 | D:5      | Noticed a troll
  4840 | D:5      | Reached XP level 8. HP: 62/62 MP: 8/8
  4962 | D:5      | Reached skill level 5 in Dodging
  5056 | D:5      | Noticed a shadow
  5100 | D:4      | Mangled by a shadow

Illustrated notes

Levels and vault maps discovered:
D:1:      saegor_arrival_simple_a, layout_loops_ring
D:2:      layout_basic, serial_shops, nicolae_shop_waterfront, feat_on_display
D:3:      layout_loops_ring, amcnicky_altar_gilded, gammafunk_ghost_necromancy
D:4:      layout_loops_ring, minitemple, mainiacjoe_overflow_boulevard,
          serial_shops, kennysheep_mini_moat
D:5:      layout_rooms, small_statue_intersection, minmay_hollow_rounded_squares

Skill      XL: |  1  2  3  4  5  6  7  8 |
---------------+-------------------------+-----
Shields        | 4 5 |  5.0
Polearms       | 4 5 7 10 | 10.3
Fighting       | 4 5 |  5.0
Dodging        | 3 5 |  5.5
Armour         | |  2.1

Action                   |  1- 3 |  4- 6 |  7- 9 || total
-------------------------+-------+-------+-------++-------
Melee: Trident           |   110 |   221 |   228 ||   559
Throw: Dart              |       |       |    15 ||    15
  Use: Scroll            |       |       |     2 ||     2
Armor: Scale mail        |    20 |       |       ||    20
       Plate armour      |    14 |   103 |    81 ||   198
Dodge: Dodged            |    41 |    46 |    49 ||   136
Block: Buckler           |    20 |    36 |    38 ||    94
